 Dungeon Crawl Stone Soup version 0.31-a0-472-g43a2ca8e1b (webtiles) character file.

Game seed: 15418515090836362259

2138475 EnegeticOcto the Sorcerer (level 27, 149/196 HPs)
             Began as a Djinni Shapeshifter on Aug 6, 2023.
             Was the Champion of Hepliaklqana.
             Escaped with the Orb
             ... and 4 runes!
             The game lasted 02:43:56 (80217 turns).

EnegeticOcto the Sorcerer (Djinni Shapeshifter)    Turns: 80217, Time: 02:43:57

Health: 149/196    AC: 29    Str: 14    XL:     27
Gold:   3339       EV: 18    Int: 26    God:    Hepliaklqana [******] SH: 13 Dex: 19

rFire   + + .        b - staff of cold
rCold   + . .        k - +0 kite shield {rC+}
rNeg    . . .        c - quicksilver dragon scales
rPois   ∞            X - +2 helmet {Int+3}
rElec   +            M - +2 cloak {rCorr}
rCorr   +            t - +2 pair of gloves {Stlth+}
SInv    .            (boots unavailable)
Will    +++..        Z - amulet of regeneration
Stlth   +            g - ring of Adixtamo {Wiz Int+4}
HPRegen 1.32/turn    R - +4 ring of protection
MPRegen 0.00/turn

%: clarity, wizardry (x1)
@: flying, studying 2 skills
A: reduced essence, sickness immunity, fire resistance 2, cold vulnerability 1,
float, innate caster, HP casting, extra vitality 1, clarity, mutation resistance
1, sense surroundings 1, electricity resistance, inability to drink after injury
1, MP-powered wands
0: Orb of Zot
}: 4/15 runes: serpentine, barnacled, slimy, silver
a: Renounce Religion, Recall Ancestor, Ancestor Identity, Transference, Idealise


You escaped.
You worshipped Hepliaklqana.
Hepliaklqana was exalted by your worship.
You visited 12 branches of the dungeon, and saw 56 of its levels.
You visited 1 bazaar.
You also visited: Trove, Sewer, Bailey, Gauntlet, Ice Cave and Wizlab.

You collected 8674 gold pieces.
You spent 5335 gold pieces at shops.

Inventory:

Hand Weapons
 l - a +5 short sword of distortion
   (You found it on level 2 of the Lair of Beasts)
Missiles
 p - 88 boomerangs (quivered)
 q - 24 javelins
 u - 20 curare-tipped darts
 U - 4 throwing nets {!f}
 W - 7 silver javelins
Armour
 c - quicksilver dragon scales (worn)
   (You found it on level 3 of the Realm of Zot)
 k - a +0 kite shield of cold resistance (worn)
   (You found it in an ice cave)
 t - a +2 pair of gloves of stealth (worn)
   (You found it on level 13 of the Dungeon)
 y - the +2 ring mail "Wuzayheh" {rN+ Regen+}
   (You found it on level 5 of the Pits of Slime)

   rN:        It protects you from negative energy.
   Regen:     It increases your rate of health regeneration.
 M - a +2 cloak of preservation (worn)
   (You took it off a draconian knight on level 4 of the Depths)
 X - a +2 helmet of intelligence (worn)
   (You bought it in a shop on level 2 of the Orcish Mines)
Magical Staves
 a - a staff of air
   (You found it on level 5 of the Pits of Slime)
 b - a staff of cold (weapon)
   (You found it on level 12 of the Dungeon)
Jewellery
 g - the ring of Adixtamo (left hand) {Wiz Int+4}
   (You bought it in a shop on level 1 of the Vaults)

   [ring of wizardry]

   It improves your spell success rate.
   Int:       It affects your intelligence (+4).
 o - a ring of willpower
   (You found it on level 1 of the Depths)
 w - a ring of ice
   (You took it off a deep elf high priest on level 3 of the Elven Halls)
 R - a +4 ring of protection (right hand)
   (You found it on level 1 of the Lair of Beasts)
 Z - an amulet of regeneration (around neck)
   (You bought it in a shop on level 1 of the Elven Halls)
Wands
 f - a wand of quicksilver (33) {@v1}
   (You took it off a gnoll sergeant on level 8 of the Dungeon)
 K - a wand of charming (45)
   (You found it on level 11 of the Dungeon)
 P - a wand of digging (33) {@v3}
   (You found it on level 1 of the Lair of Beasts)
 S - a wand of roots (35) {@v2}
   (You found it on level 5 of the Lair of Beasts)
 T - a wand of mindburst (24)
   (You found it on level 5 of the Lair of Beasts)
 V - a wand of polymorph (26)
   (You found it on level 2 of the Orcish Mines)
Scrolls
 d - 4 scrolls of immolation
 j - 19 scrolls of teleportation {@r3 !r}
 n - 8 scrolls of fog {!r}
 s - 7 scrolls of vulnerability
 z - a scroll of fear {!r}
 B - 3 scrolls of revelation {@r5 !r}
 C - 5 scrolls of silence {!r}
 G - 4 scrolls of blinking {@r4}
 J - 2 scrolls of torment
 L - 8 scrolls of poison
 Q - 5 scrolls of butterflies
Potions
 e - 8 potions of invisibility
 h - 23 potions of curing {@q1 !q}
 i - 5 potions of mutation
 m - 5 potions of cancellation
 r - 3 potions of ambrosia
 v - 9 potions of enlightenment
 x - 6 potions of haste {@q4 !q}
 A - 2 potions of berserk rage
 D - 9 potions of attraction
 F - 6 potions of resistance
 N - 15 potions of heal wounds {@q2 !q}
 O - 6 potions of brilliance
 Y - 9 potions of lignification {@q6}
Miscellaneous
 E - a phial of floods
   (You bought it in a shop on level 4 of the Snake Pit)
 I - a sack of spiders
   (You found it in a Gauntlet)


   Skills:
 - Level 24.0 Fighting
 - Level 16.0 Throwing
 - Level 14.0 Armour
 - Level 14.0 Dodging
 - Level 2.0 Stealth
 + Level 12.9 Shields
 - Level 3.8 Unarmed Combat
 - Level 24.0 Spellcasting
 - Level 24.0 Conjurations
 - Level 24.0 Hexes
 - Level 24.0 Summonings
 - Level 24.0 Necromancy
 - Level 24.0 Translocations
 - Level 24.0 Transmutations
 - Level 24.0 Fire Magic
 - Level 24.0 Ice Magic
 - Level 24.0 Air Magic
 - Level 24.0 Earth Magic
 - Level 24.0 Poison Magic
 - Level 7.0 Invocations
 - Level 12.0 Evocations
 - Level 4.6 Shapeshifting


You knew the following spells:

 Your Spells              Type           Power      Damage    Failure   Level
a - Stone Arrow           Conj/Erth      100%       3d13      0%          3
b - Shatter               Erth           51%        3d39*     8%          9
c - Monstrous Menagerie   Summ           51%        N/A       1%          7
d - Agony                 Necr           100%       N/A       0%          5
e - Ignition              Fire           51%        3d14      1%          8
f - Conjure Ball Lightni  Conj/Air       51%        3x3d18    1%          6
g - Tukima's Dance        Hex            100%       N/A       0%          3
h - Orb of Destruction    Conj           51%        9d13      1%          7
i - Infestation           Necr           51%        N/A       1%          8
j - Simulacrum            Ice/Necr       62%        N/A       1%          6
z - Olgreb's Toxic Radia  Pois           100%       N/A       0%          4
K - Kiss of Death         Conj/Necr      100%       2d13      0%          1
Y - Blink                 Tloc           100%       N/A       0%          2
Your spell library was empty.

Dungeon Overview and Level Annotations

Branches:
Dungeon (15/15)            Temple (1/1) D:5            Lair (5/5) D:11
 Shoals (4/4) Lair:2        Snake (4/4) Lair:3        Slime (5/5) Lair:5
    Orc (2/2) D:10            Elf (3/3) Orc:2        Vaults (5/5) D:13
  Crypt (3/3) Vaults:3       Tomb (0/3) Crypt:3      Depths (4/4) D:15
    Zot (5/5) Depths:4      Sewer (visited)          Bailey (visited)
  IceCv (visited)          WizLab (visited)         Gauntlet (visited)

Altars:
Ashenzari
Cheibriados
Dithmenos
Elyvilon
Fedhas
Gozag
Hepliaklqana
Makhleb
Nemelex Xobeh
Okawaru
Qazlal
Ru
Trog
Uskayaw
Wu Jian
Xom
Yredelemnul
Zin
The Shining One
Jiyva

Shops:
D:14 :   Orc:2 *[(?   Elf:1 **   Elf:3 ?   Snake:3 **   Snake:4 *   Vaults:1 =
Depths:1 ?!*

Portals:
Hell: Depths:1 Depths:2 Depths:3 Depths:4
Abyss: Depths:3
Pandemonium: Depths:1 Depths:2 Depths:4
Ziggurat: Depths:1

Annotations:
D:10 4 transporters, 1 runed translucent door, Snorg
Lair:1 1 runed translucent door, exclusion: door, Winged's ghost, novice TrFi
Elf:2 3 runed translucent doors, exclusion: door
Depths:1 exclusion: obsidian statue
Zot:1 10 exclusions


Innate Abilities, Weirdness & Mutations

Your life essence is reduced to manifest your ancestor. (-10% HP)
You are immune to sickness and miasma.
You are immune to poison.
Your flesh is very heat resistant. (rF++)
You are vulnerable to cold. (rC-)
You float through the air rather than walking.
You learn spells naturally, not from books.
Your magical power is your life essence.
You have superior vitality. (+4 MHP)
You possess an exceptional clarity of mind.
You are somewhat resistant to further mutation.
You passively map a small area around you.
You are resistant to electric shocks. (rElec)
You occasionally lose the ability to drink potions when taking damage.
You expend health (3 HP) to strengthen your wands.


Message History

Mu OP hits the Brimstone Fiend with a +0 lajatang of freezing!!!
Mu OP freezes the Brimstone Fiend!
The Brimstone Fiend gestures at Mu OP.
The sphere of damnation explodes!
The damnation engulfs Mu OP!!
The damnation engulfs you!!!
The damnation engulfs the Brimstone Fiend.
The Brimstone Fiend completely resists.
Really quaff
N - 16 potions of heal wounds {@q2 !q}?
You feel much better.
Mu OP gestures at the Brimstone Fiend while chanting.
The crystal spear hits the Brimstone Fiend!!!
The Brimstone Fiend dies!
(D) Dungeon (T) Temple (L) Lair (A) Shoals (P) Snake Pit (M) Slime Pits (O) Orcish Mines (E) Elven Halls (V) Vaults (C) Crypt (W) Tomb (U) Depths (H) Hell (Z) Zot
Where to? (Enter - D:1 @ (x,y), ? - help)
You fly upwards.
There is a stone staircase leading down here.
An Orb Guardian comes into view.
Casting: Shatter (dangerous; 8% risk of failure)
Confirm with . or Enter, or press ? or * to list all spells.
The dungeon rumbles!
The Orb Guardian is almost dead.
Ka-crash!
Casting: Shatter (dangerous; 8% risk of failure)
Confirm with . or Enter, or press ? or * to list all spells.
The dungeon rumbles!
You kill the Orb Guardian!
Ka-crash!
Mu OP is recalled.
(D) Dungeon (T) Temple (L) Lair (A) Shoals (P) Snake Pit (M) Slime Pits (O) Orcish Mines (E) Elven Halls (V) Vaults (C) Crypt (W) Tomb (U) Depths (H) Hell (Z) Zot
Where to? (Enter - D:1 @ (x,y), ? - help)
A shadow demon comes into view.
Casting: Shatter (dangerous; 8% risk of failure)
Confirm with . or Enter, or press ? or * to list all spells.
The dungeon rumbles!
Mu OP avoids your attack.
The shadow demon is almost dead.
Ka-crash!
Casting: Shatter (dangerous; 8% risk of failure)
Confirm with . or Enter, or press ? or * to list all spells.
The dungeon rumbles!
Mu OP avoids your attack.
You kill the shadow demon!
Ka-crash!
(D) Dungeon (T) Temple (L) Lair (A) Shoals (P) Snake Pit (M) Slime Pits (O) Orcish Mines (E) Elven Halls (V) Vaults (C) Crypt (W) Tomb (U) Depths (H) Hell (Z) Zot
Where to? (Enter - D:1 @ (x,y), ? - help)
There is a stone staircase leading up here.
You see here a scroll of amnesia.
You fly upwards.
There is a stone staircase leading down, spattered with blood here.
There is a stone staircase leading up here.
You fly upwards.
There is a stone staircase leading down here.
A hell beast comes into view.
The hell beast bleats!
You block the hell beast's attack.
The hell beast tramples you but does no damage.
There is an open door here.
You block the hell beast's attack. The hell beast barely misses you.
Mu OP casts a spell.
Mu OP seems to speed up.
The hell beast completely misses you. The hell beast closely misses you.
Mu OP points at the hell beast and mumbles some strange words.
The bolt of magma hits the hell beast!!
Mu OP casts a spell at the hell beast.
The crystal spear hits the hell beast!
The hell beast closely misses Mu OP.
The hell beast tramples Mu OP.
Mu OP is shoved backwards!
Mu OP gestures at the hell beast while chanting.
The bolt of magma hits the hell beast!
The hell beast bites Mu OP.
The hell beast tramples Mu OP but does no damage.
Mu OP hits the hell beast with a +0 lajatang of freezing!!
Mu OP freezes the hell beast.
The hell beast misses Mu OP.
The hell beast tramples Mu OP.
Mu OP is shoved backwards!
Mu OP barely misses the hell beast.
The hell beast bites Mu OP but does no damage.
The hell beast tramples Mu OP!
Mu OP is shoved backwards!
Mu OP is recalled.
(D) Dungeon (T) Temple (L) Lair (A) Shoals (P) Snake Pit (M) Slime Pits (O) Orcish Mines (E) Elven Halls (V) Vaults (C) Crypt (W) Tomb (U) Depths (H) Hell (Z) Zot
Where to? (Enter - D:1 @ (x,y), ? - help)
There is an open door here.
There is a stone staircase leading up here.
You fly upwards.
There is a stone staircase leading down here.
You see here a +0 ring mail.
Mu OP is no longer moving quickly.
There is an open door here.
There is an open door here.
There is a staircase leading out of the dungeon here.
You have escaped!

###### ##
###....###############.
###.#........##....#.....
###.....#####...###.....###
#....####...####..)..####..
#..###.........###'###.....
#..#......@R.....'.'......⌠
##.###.........###'###.....
#....####...####.....####..
#.......#####......#....###
#.................#..##....
#.#.).###..[.#.....#..##...
#.##### ########..###.###..
### ##.########.
#..........


You could see the friendly Mu OP the battlemage.

Vanquished Creatures
  the Royal Jelly (Slime:5)
  5 dread liches (Zot:5)
  An orb of fire (Zot:5)
  A juggernaut (Depths:4)
  2 Killer Klowns (Zot:5)
  4 golden dragons
  A caustic shrike (Depths:2)
  Jory (Vaults:2)
  A bone dragon (Crypt:3)
  An electric golem (Zot:5)
  A doom hound (Crypt:1)
  Zenata (Vaults:2)
  11 Orb Guardians
  2 titans (Vaults:5)
  3 liches
  5 tentacled monstrosities
  A deep elf master archer (Elf:3)
  2 quicksilver dragons
  Grunn (Crypt:1)
  2 krakens
  A walking divine tome (Depths:2)
  6 acid blobs
  2 sphinxes
  A death cob (Zot:3)
  3 shadow dragons
  3 tengu reavers
  3 azure jellies
  A nagaraja (Snake:4)
  A revenant (Vaults:3)
  2 draconian knights
  A draconian monk (Zot:1)
  3 rockslimes
  2 draconian scorchers
  5 frost giants
  10 vault wardens
  2 deep elf elementalists (Elf:3)
  2 deep elf sorcerers (Elf:3)
  6 fire giants
  A draconian stormcaller (Depths:4)
  4 orc warlords
  A cacodemon (Gauntlet)
  5 stone giants
  4 draconian annihilators
  9 ironbound preservers
  6 formless jellyfish
  3 spriggan defenders
  13 quicksilver oozes
  19 very ugly things
  An ironbound thunderhulk (Vaults:3)
  4 war gargoyles
  2 deep elf demonologists (Elf:3)
  2 vampire knights
  2 lorocyprocas
  2 black draconians (Zot:3)
  4 spark wasps
  A purple draconian (Zot:1)
  5 yellow draconians
  5 deep elf annihilators
  A minotaur (Gauntlet)
  3 green draconians
  2 white draconians
  8 dire elephants
  5 red draconians
  5 deep elf death magi
  3 crystal guardians
  8 jiangshi
  6 ettins
  Josephine (D:12)
  Fannar (Orc:1)
  3 entropy weavers
  A merfolk javelineer (Shoals:4)
  9 yaktaur captains
  3 merfolk impalers
  A fire dragon (Depths:1)
  A deep elf high priest (Elf:3)
  6 great orbs of eyes
  31 vault guards
  2 ice dragons
  A caustic shrike simulacrum (IceCv)
  4 rakshasas
  A catoblepas (Lair:5)
  5 anacondas
  An alligator snapping turtle (Shoals:3)
  3 merfolk avatars
  4 hydras
  A spriggan skeleton (Crypt:1)
  5 death knights
  4 peacekeepers
  A catoblepas (shapeshifter) (D:14)
  4 boulder beetles
  8 centaur warriors
  3 two-headed ogres
  3 merfolk aquamancers
  3 ironbound frosthearts
  Erica (D:9)
  2 deep troll shamans
  4 naga warriors
  A vampire mage (Vaults:3)
  3 satyrs
  5 deep troll earth magi
  5 shock serpents
  8 dancing weapons
  3 orc high priests (Orc:2)
  2 spriggan berserkers (Depths:4)
  5 death yaks
  2 tengu warriors (D:13)
  5 hell knights
  5 naga sharpshooters
  Sonja (Lair:2)
  A sun demon (WizLab)
  2 soul eaters
  10 deep elf knights
  2 salamander mystics
  4 sixfirhies
  3 skysharks
  10 skeletal warriors
  A shadow wraith (Crypt:3)
  3 iron trolls (Depths:2)
  21 deep trolls
  A storm dragon skeleton (Depths:3)
  4 sea snakes
  10 deep elf archers
  4 flayed ghosts
  The ghost of hitsuchi the Nimble, a novice FeSh of Trog (Lair:2)
  6 wizards
  2 glowing orange brains
  A shadow demon (D:4)
  3 bog bodies (IceCv)
  A golden dragon skeleton (Depths:3)
  2 naga ritualists
  12 ironbound convokers
  16 deep elf zephyrmancers
  3 phantasmal warriors
  A sphinx zombie (Depths:3)
  3 necromancers
  24 ugly things
  3 shining eyes (Slime:5)
  7 mana vipers
  9 lindwurms
  6 orc knights
  7 harpies
  22 deep elf pyromancers
  4 orc sorcerers
  4 moths of wrath
  8 fauns
  3 rust devils
  10 salamanders
  17 black mambas
  A moth of wrath (shapeshifter) (Depths:3)
  7 cyclopes
  5 manticores
  A torpor snail (Lair:1)
  6 merfolk sirens
  8 naga magi
  An eye of devastation (shapeshifter) (Depths:3)
  An ice statue (Vaults:4)
  11 elephants
  2 smoke demons
  3 guardian serpents (Snake:4)
  6 cane toads
  A water nymph (shapeshifter) (Depths:1)
  An eye of devastation (Slime:2)
  10 vault sentinels
  3 gargoyles
  2 water nymphs
  5 orange demons
  A titan simulacrum (Depths:3)
  17 freezing wraiths
  Maggie (D:7)
  22 yaktaurs
  A yaktaur (shapeshifter) (Elf:3)
  A kobold demonologist (D:13)
  8 komodo dragons
  5 anaconda simulacra (IceCv)
  3 efreet
  3 hellwings (Depths:1)
  3 meliai (D:13)
  2 ice devils
  A golden dragon simulacrum (IceCv)
  18 merfolk
  A wind drake (Shoals:4)
  8 trolls
  A tyrant leech (shapeshifter) (Vaults:5)
  A polar bear (Lair:5)
  4 snapping turtles
  21 blink frogs
  2 hornets
  5 dream sheep
  31 flying skulls
  Sigmund (D:2)
  65 slime creatures
  A guardian serpent skeleton (Crypt:1)
  An ettin skeleton (Vaults:5)
  8 water elementals
  2 air elementals
  A shadow (Crypt:3)
  4 wyverns
  A vampire (D:13)
  7 wraiths
  A dire elephant simulacrum (IceCv)
  24 yaks
  3 neqoxecs
  6 chaos spawn
  A steam dragon (D:7)
  2 golden eyes (Slime:5)
  2 redbacks
  4 vampire mosquitoes
  3 basilisks
  A minotaur simulacrum (IceCv)
  3 harpy simulacra
  2 hydra simulacra (IceCv)
  11 nagas
  8 wargs
  An acid dragon (D:6)
  10 water moccasins
  2 floating eyes
  An alligator simulacrum (IceCv)
  An ettin simulacrum (Crypt:1)
  23 orc warriors
  13 ogres
  A tengu (shapeshifter) (Vaults:5)
  13 wolves
  10 centaurs
  7 bullfrogs
  8 kobold brigands
  4 necrophages (Crypt:3)
  2 gnoll sergeants
  A naga simulacrum (Crypt:1)
  2 scorpions (D:4)
  2 earth elementals
  A cyclops skeleton (Crypt:1)
  A lindwurm simulacrum (IceCv)
  13 killer bees
  8 howler monkeys
  3 electric eels
  3 small abominations (Crypt:3)
  6 jellies
  3 hounds
  30 orc priests
  2 sleepcaps
  9 iguanas
  15 orc wizards
  A wolf simulacrum (Lair:3)
  A yak simulacrum (Lair:3)
  A mummy (D:7)
  7 adders
  27 gnolls
  A river rat (Sewer)
  A shadow imp (D:5)
  A white imp (Gauntlet)
  2 ufetubi
  A worm (D:2)
  A dart slug (D:5)
  113 orcs
  A bat skeleton (Crypt:1)
  10 endoplasms
  4 giant cockroaches
  6 goblins
  6 hobgoblins
  2 jackals (D:3)
  18 kobolds
  5 quokkas
  7 ball pythons
  10 bats
  3 frilled lizards
  8 rats
  A river rat simulacrum (Lair:3)
  3 tentacles
1480 creatures vanquished.

Vanquished Creatures (collateral kills)
  A dread lich (Vaults:5)
  2 ancient liches
  6 orbs of fire (Zot:5)
  Sojobo (Depths:2)
  A shard shrike (shapeshifter) (Depths:3)
  A Killer Klown (Zot:5)
  Saint Roka (Crypt:2)
  A curse toe (Zot:5)
  Norris (Vaults:2)
  2 golden dragons
  A profane servitor (Crypt:3)
  A bone dragon (Depths:4)
  2 doom hounds (Crypt:1)
  2 electric golems
  A Brimstone Fiend (D:5)
  10 tentacled monstrosities
  3 liches
  2 titans
  5 acid blobs
  10 Orb Guardians (Zot:5)
  2 deep elf blademasters (Elf:3)
  4 ancient champions
  5 quicksilver dragons
  A deep elf master archer (Elf:3)
  A death cob (Zot:1)
  2 sphinxes
  6 shadow dragons
  Kirke (Shoals:1)
  7 tengu reavers
  9 storm dragons
  A revenant (Crypt:3)
  2 azure jellies (Slime:5)
  7 fire giants
  A deep elf sorcerer (Elf:1)
  A nagaraja (Snake:4)
  A draconian knight (Depths:4)
  5 frost giants
  6 vault wardens
  10 rockslimes
  4 deep elf elementalists (Elf:3)
  An iron dragon (Vaults:5)
  3 ghost moths
  2 spectral caustic shrikes (Crypt:3)
  A ghoul (Crypt:3)
  6 stone giants
  A cacodemon (Depths:1)
  A demonspawn blood saint (WizLab)
  3 quicksilver oozes
  9 ironbound preservers
  A caustic shrike skeleton (Crypt:1)
  A spriggan defender (Depths:2)
  5 black draconians
  3 ironbound thunderhulks
  4 war gargoyles
  A deep elf demonologist (Vaults:5)
  2 formless jellyfish
  5 very ugly things
  10 vampire knights
  3 green draconians (Zot:1)
  A lorocyproca (WizLab)
  A spark wasp (Depths:1)
  3 white draconians
  4 deep elf annihilators
  A purple draconian (Zot:3)
  5 dire elephants
  2 eidola
  3 yellow draconians
  2 ettins
  A crystal guardian (Vaults:4)
  6 deep elf death magi
  13 jiangshi
  3 deep elf high priests
  6 merfolk impalers
  9 fire dragons
  2 great orbs of eyes
  6 ice dragons
  3 entropy weavers
  9 yaktaur captains
  3 salamander tyrants (Snake:4)
  A hydra (Lair:4)
  2 rakshasas
  9 vault guards
  An ogre mage (Vaults:3)
  3 peacekeepers (Vaults:4)
  3 merfolk avatars (Shoals:4)
  A quicksilver dragon skeleton (Crypt:2)
  A juggernaut simulacrum (Crypt:3)
  3 ironbound frosthearts (Vaults:1)
  A hell beast (Crypt:1)
  2 catoblepae (Lair:5)
  2 deep troll shamans
  5 two-headed ogres
  2 merfolk aquamancers
  3 satyrs
  11 anacondas
  4 centaur warriors
  12 dancing weapons
  2 death yaks (Lair:5)
  A boulder beetle (Vaults:2)
  3 tengu warriors
  A vampire mage (Crypt:3)
  A bennu skeleton (Crypt:1)
  3 death knights
  An orc high priest (Orc:2)
  2 deep troll earth magi
  7 naga sharpshooters
  2 sun demons (Depths:1)
  2 naga warriors (Snake:4)
  6 shock serpents
  5 hell knights
  2 soul eaters (WizLab)
  Nergalle (Orc:1)
  A deep elf knight (Elf:1)
  5 salamander mystics
  2 sixfirhies
  3 iron trolls (Depths:3)
  10 skeletal warriors
  4 skysharks
  A shadow wraith (Crypt:3)
  A flayed ghost (Crypt:1)
  A golden dragon zombie (Depths:3)
  3 sea snakes
  A sea snake (shapeshifter) (Vaults:5)
  19 deep trolls
  A glowing orange brain (D:15)
  3 deep elf archers
  4 bog bodies (IceCv)
  An obsidian statue (IceCv)
  7 phantasmal warriors
  8 naga ritualists
  A shadow demon (WizLab)
  4 wizards
  3 spriggan simulacra (IceCv)
  7 lindwurms
  13 deep elf pyromancers
  12 ironbound convokers
  A lindwurm (shapeshifter) (Depths:3)
  6 orc knights
  10 harpies
  6 deep elf zephyrmancers
  14 mana vipers
  5 necromancers
  14 ugly things
  3 orc sorcerers
  A sphinx skeleton (Crypt:1)
  11 fauns
  4 shining eyes
  15 salamanders
  A cyclops (D:13)
  A fire giant zombie (Vaults:5)
  12 manticores
  A manticore (shapeshifter) (Vaults:5)
  3 merfolk sirens (Shoals:4)
  11 elephants
  10 moths of wrath
  A titan simulacrum (Vaults:5)
  21 vault sentinels
  9 naga magi
  2 guardian serpents (Snake:4)
  A rust devil (Depths:1)
  5 water nymphs
  5 cane toads
  28 black mambas
  A centaur skeleton (Crypt:1)
  A naga skeleton (Crypt:1)
  2 orange demons
  A red draconian zombie (Crypt:1)
  An unseen horror (D:11)
  A rime drake (Lair:5)
  4 komodo dragons
  9 freezing wraiths
  A tengu conjurer (D:13)
  11 yaktaurs
  A catoblepas skeleton (Crypt:1)
  An anaconda simulacrum (IceCv)
  A green draconian skeleton (Crypt:1)
  3 red devils (Depths:1)
  A tormentor (Crypt:1)
  A polar bear (shapeshifter) (Depths:3)
  4 trolls
  2 hellwings
  An iron troll skeleton (Crypt:2)
  A wind drake (shapeshifter) (Elf:1)
  A yellow draconian skeleton (Crypt:2)
  13 merfolk
  A harpy skeleton (Crypt:1)
  2 dream sheep
  A dream sheep (shapeshifter) (D:15)
  6 blink frogs
  A slime creature (shapeshifter) (Depths:4)
  2 snapping turtles
  20 flying skulls (Crypt:3)
  46 slime creatures
  9 water elementals
  An ettin skeleton (Crypt:1)
  4 wraiths
  An air elemental (Elf:3)
  2 wyverns
  4 shadows
  4 basilisks
  A fire elemental (Elf:1)
  5 hogs (Shoals:1)
  15 yaks
  A small abomination (Crypt:3)
  A redback (Vaults:2)
  A minotaur simulacrum (IceCv)
  3 vampire mosquitoes
  A neqoxec (WizLab)
  A water nymph zombie (Crypt:2)
  A chaos spawn (WizLab)
  8 wargs
  A demonspawn zombie (Crypt:2)
  31 nagas
  3 water moccasins
  A hydra simulacrum (IceCv)
  36 orc warriors
  An ice beast (D:6)
  A black bear (D:5)
  An ettin simulacrum (IceCv)
  10 ogres
  6 wolves
  An elephant skeleton (Crypt:1)
  2 centaurs (D:12)
  A lindwurm skeleton (Crypt:2)
  4 kobold brigands
  6 bullfrogs
  2 gnoll sergeants
  A deep troll simulacrum (IceCv)
  A killer bee (D:9)
  2 electric eels (Lair:2)
  A howler monkey (D:10)
  2 lindwurm simulacra (IceCv)
  5 iron imps (Crypt:1)
  7 orc priests
  A jelly (Lair:5)
  A gnoll bouda (D:8)
  A sleepcap (D:6)
  An iguana (Lair:3)
  10 orc wizards
  3 yak simulacra (Lair:3)
  3 polar bear simulacra (Lair:3)
  A wolf simulacrum (Lair:3)
  7 gnolls
  3 white imps (Gauntlet)
  20 orcs
  A giant cockroach (D:6)
  A goblin (D:7)
  2 quokkas (D:6)
  4 bats (Lair:3)
  A gnoll skeleton (Crypt:2)
  A hobgoblin skeleton (Crypt:1)
  8 kobolds
  A river rat simulacrum (Lair:3)
  2 ball lightnings (Snake:4)
  A tentacle (Shoals:2)
1099 creatures vanquished.

Vanquished Creatures (others)
  A black draconian (Zot:1)
  A naga mage (Snake:1)
  11 dancing weapons
  A human (D:4)
  An orc priest (Orc:2)
  68 battlemagi
  An orc wizard (D:3)
  4 ancestors
  An adder (D:3)
  13 ball lightnings
  8 tentacles
110 creatures vanquished.

Grand Total: 2689 creatures vanquished

Notes
Turn   | Place    | Note
-------+----------+-------------------------------------------
     0 | D:1      | EnegeticOcto the Djinni Shapeshifter began the quest for
                  | the Orb.
     0 | D:1      | Reached XP level 1. HP: 17/17 MP: 0/0
   183 | D:1      | Reached skill level 1 in Stealth
   284 | D:1      | Reached XP level 2. HP: 14/22 MP: 0/0
   818 | D:1      | Reached skill level 2 in Stealth
   938 | D:2      | Reached XP level 3. HP: 13/27 MP: 0/0
   938 | D:2      | Learned a level 1 spell: Kiss of Death
  1170 | D:2      | Noticed Sigmund
  1192 | D:2      | Killed Sigmund
  1193 | D:2      | Reached skill level 3 in Fighting
  1193 | D:2      | Reached skill level 3 in Shapeshifting
  1193 | D:2      | Reached XP level 4. HP: 25/35 MP: 0/0
  1193 | D:2      | Reached XP level 5. HP: 28/40 MP: 0/0
  1193 | D:2      | Learned a level 2 spell: Blink
  1193 | D:2      | Reached XP level 6. HP: 33/46 MP: 0/0
  1573 | D:2      | Found a faded altar of an unknown god.
  2027 | D:3      | Reached skill level 4 in Shapeshifting
  2933 | D:3      | Reached XP level 7. HP: 29/50 MP: 0/0
  2933 | D:3      | Learned a level 3 spell: Stone Arrow
  3600 | D:4      | Reached skill level 1 in Spellcasting
  3600 | D:4      | Reached skill level 1 in Conjurations
  3600 | D:4      | Reached skill level 1 in Hexes
  3600 | D:4      | Reached skill level 1 in Summonings
  3600 | D:4      | Reached skill level 1 in Necromancy
  3600 | D:4      | Reached skill level 1 in Translocations
  3600 | D:4      | Reached skill level 1 in Transmutations
  3600 | D:4      | Reached skill level 1 in Fire Magic
  3600 | D:4      | Reached skill level 1 in Ice Magic
  3600 | D:4      | Reached skill level 1 in Air Magic
  3600 | D:4      | Reached skill level 1 in Earth Magic
  3600 | D:4      | Reached skill level 1 in Poison Magic
  3931 | D:4      | Reached skill level 4 in Fighting
  3947 | D:4      | Reached skill level 2 in Spellcasting
  3947 | D:4      | Reached skill level 2 in Conjurations
  3947 | D:4      | Reached skill level 2 in Hexes
  3947 | D:4      | Reached skill level 2 in Summonings
  3947 | D:4      | Reached skill level 2 in Necromancy
  3947 | D:4      | Reached skill level 2 in Translocations
  3947 | D:4      | Reached skill level 2 in Transmutations
  3947 | D:4      | Reached skill level 2 in Fire Magic
  3947 | D:4      | Reached skill level 2 in Ice Magic
  3947 | D:4      | Reached skill level 2 in Air Magic
  3947 | D:4      | Reached skill level 2 in Earth Magic
  3947 | D:4      | Reached skill level 2 in Poison Magic
  4014 | D:4      | Reached XP level 8. HP: 48/58 MP: 0/0
  4208 | D:4      | Noticed a human
  4213 | D:4      | Killed a human
  4260 | D:5      | Entered Level 5 of the Dungeon
  4260 | D:5      | Found a staircase to the Ecumenical Temple.
  4433 | Temple   | Entered the Ecumenical Temple
  4462 | Temple   | Became a worshipper of Hepliaklqana the Forgotten
  5106 | D:5      | Reached skill level 5 in Fighting
  5583 | D:6      | Found an iron altar of Okawaru.
  5607 | D:6      | Reached skill level 3 in Spellcasting
  5607 | D:6      | Reached skill level 3 in Conjurations
  5607 | D:6      | Reached skill level 3 in Hexes
  5607 | D:6      | Reached skill level 3 in Summonings
  5607 | D:6      | Reached skill level 3 in Necromancy
  5607 | D:6      | Reached skill level 3 in Translocations
  5607 | D:6      | Reached skill level 3 in Transmutations
  5607 | D:6      | Reached skill level 3 in Fire Magic
  5607 | D:6      | Reached skill level 3 in Ice Magic
  5607 | D:6      | Reached skill level 3 in Air Magic
  5607 | D:6      | Reached skill level 3 in Earth Magic
  5607 | D:6      | Reached skill level 3 in Poison Magic
  5643 | D:6      | Reached * piety under Hepliaklqana
  5718 | D:6      | Found a glowing drain.
  5734 | Sewer    | Entered a sewer
  5862 | Sewer    | Reached skill level 6 in Fighting
  5880 | Sewer    | Found a white marble altar of Elyvilon.
  6078 | D:6      | Reached skill level 4 in Spellcasting
  6078 | D:6      | Reached skill level 4 in Conjurations
  6078 | D:6      | Reached skill level 4 in Hexes
  6078 | D:6      | Reached skill level 4 in Summonings
  6078 | D:6      | Reached skill level 4 in Necromancy
  6078 | D:6      | Reached skill level 4 in Translocations
  6078 | D:6      | Reached skill level 4 in Transmutations
  6078 | D:6      | Reached skill level 4 in Fire Magic
  6078 | D:6      | Reached skill level 4 in Ice Magic
  6078 | D:6      | Reached skill level 4 in Air Magic
  6078 | D:6      | Reached skill level 4 in Earth Magic
  6078 | D:6      | Reached skill level 4 in Poison Magic
  6078 | D:6      | Reached XP level 9. HP: 39/59 MP: 0/0
  6078 | D:6      | Learned a level 3 spell: Tukima's Dance
  6224 | D:6      | HP: 1/59 [acid dragon/splash of acid (30)]
  6661 | D:6      | Reached skill level 5 in Spellcasting
  6661 | D:6      | Reached skill level 5 in Conjurations
  6661 | D:6      | Reached skill level 5 in Hexes
  6661 | D:6      | Reached skill level 5 in Summonings
  6661 | D:6      | Reached skill level 5 in Necromancy
  6661 | D:6      | Reached skill level 5 in Translocations
  6661 | D:6      | Reached skill level 5 in Transmutations
  6661 | D:6      | Reached skill level 5 in Fire Magic
  6661 | D:6      | Reached skill level 5 in Ice Magic
  6661 | D:6      | Reached skill level 5 in Air Magic
  6661 | D:6      | Reached skill level 5 in Earth Magic
  6661 | D:6      | Reached skill level 5 in Poison Magic
  7165 | D:6      | Found a blossoming altar of Fedhas.
  7525 | D:7      | Found a flagged portal.
  7574 | Bailey   | Entered a bailey
  7614 | Bailey   | Reached skill level 6 in Spellcasting
  7614 | Bailey   | Reached skill level 6 in Conjurations
  7614 | Bailey   | Reached skill level 6 in Hexes
  7614 | Bailey   | Reached skill level 6 in Summonings
  7614 | Bailey   | Reached skill level 6 in Necromancy
  7614 | Bailey   | Reached skill level 6 in Translocations
  7614 | Bailey   | Reached skill level 6 in Transmutations
  7614 | Bailey   | Reached skill level 6 in Fire Magic
  7614 | Bailey   | Reached skill level 6 in Ice Magic
  7614 | Bailey   | Reached skill level 6 in Air Magic
  7614 | Bailey   | Reached skill level 6 in Earth Magic
  7614 | Bailey   | Reached skill level 6 in Poison Magic
  7975 | Bailey   | Found a burning altar of Makhleb.
  7990 | Bailey   | Reached skill level 7 in Spellcasting
  7990 | Bailey   | Reached skill level 7 in Conjurations
  7990 | Bailey   | Reached skill level 7 in Hexes
  7990 | Bailey   | Reached skill level 7 in Summonings
  7990 | Bailey   | Reached skill level 7 in Necromancy
  7990 | Bailey   | Reached skill level 7 in Translocations
  7990 | Bailey   | Reached skill level 7 in Transmutations
  7990 | Bailey   | Reached skill level 7 in Fire Magic
  7990 | Bailey   | Reached skill level 7 in Ice Magic
  7990 | Bailey   | Reached skill level 7 in Air Magic
  7990 | Bailey   | Reached skill level 7 in Earth Magic
  7990 | Bailey   | Reached skill level 7 in Poison Magic
  7995 | Bailey   | Reached XP level 10. HP: 27/64 MP: 0/0
  8369 | D:7      | Noticed Maggie
  8374 | D:7      | Killed Maggie
  8492 | D:7      | Reached skill level 8 in Spellcasting
  8492 | D:7      | Reached skill level 8 in Conjurations
  8492 | D:7      | Reached skill level 8 in Hexes
  8492 | D:7      | Reached skill level 8 in Summonings
  8492 | D:7      | Reached skill level 8 in Necromancy
  8492 | D:7      | Reached skill level 8 in Translocations
  8492 | D:7      | Reached skill level 8 in Transmutations
  8492 | D:7      | Reached skill level 8 in Fire Magic
  8492 | D:7      | Reached skill level 8 in Ice Magic
  8492 | D:7      | Reached skill level 8 in Air Magic
  8492 | D:7      | Reached skill level 8 in Earth Magic
  8492 | D:7      | Reached skill level 8 in Poison Magic
  8621 | D:7      | Identified the +4 sling of the Penguin {flame, Dex+2}
  8652 | D:7      | Reached ** piety under Hepliaklqana
  8653 | D:7      | Remembered your ancestor Mu OP as a battlemage
  8701 | D:7      | Found a snail-covered altar of Cheibriados.
  9170 | D:8      | Noticed a two-headed ogre
  9175 | D:8      | Killed a two-headed ogre
  9176 | D:8      | Reached skill level 9 in Spellcasting
  9176 | D:8      | Reached skill level 9 in Conjurations
  9176 | D:8      | Reached skill level 9 in Hexes
  9176 | D:8      | Reached skill level 9 in Summonings
  9176 | D:8      | Reached skill level 9 in Necromancy
  9176 | D:8      | Reached skill level 9 in Translocations
  9176 | D:8      | Reached skill level 9 in Transmutations
  9176 | D:8      | Reached skill level 9 in Fire Magic
  9176 | D:8      | Reached skill level 9 in Ice Magic
  9176 | D:8      | Reached skill level 9 in Air Magic
  9176 | D:8      | Reached skill level 9 in Earth Magic
  9176 | D:8      | Reached skill level 9 in Poison Magic
  9192 | D:8      | Reached skill level 3 in Dodging
  9338 | D:8      | Found a sacrificial altar of Ru.
  9646 | D:8      | Reached skill level 4 in Dodging
  9871 | D:9      | Noticed a two-headed ogre
  9872 | D:9      | Noticed a two-headed ogre
  9877 | D:9      | Killed a two-headed ogre
  9878 | D:9      | Reached skill level 7 in Fighting
  9878 | D:9      | Reached XP level 11. HP: 59/72 MP: 0/0
  9878 | D:9      | Learned a level 4 spell: Olgreb's Toxic Radiance
  9886 | D:9      | Reached skill level 8 in Fighting
  9890 | D:9      | Killed a two-headed ogre
  9984 | D:9      | Reached skill level 9 in Fighting
 10034 | D:9      | Reached skill level 1 in Armour
 10039 | D:9      | Reached skill level 2 in Armour
 10088 | D:9      | Reached *** piety under Hepliaklqana
 10137 | D:9      | Noticed a purple ugly thing
 10141 | D:9      | Found a bloodstained altar of Trog.
 10200 | D:9      | Killed a purple ugly thing
 10201 | D:9      | Reached skill level 3 in Armour
 10323 | D:9      | You are sucked into a shaft and drop 1 floor!
 10323 | D:10     | Entered Level 10 of the Dungeon
 10354 | D:10     | Reached skill level 4 in Armour
 10397 | D:9      | Reached skill level 1 in Invocations
 10399 | D:9      | Reached skill level 2 in Invocations
 10406 | D:9      | Reached skill level 3 in Invocations
 10595 | D:9      | Reached skill level 4 in Invocations
 10608 | D:9      | Reached skill level 5 in Invocations
 10853 | D:9      | Noticed Erica
 10859 | D:9      | Killed Erica
 10860 | D:9      | Reached skill level 6 in Invocations
 11197 | D:10     | Reached XP level 12. HP: 75/80 MP: 0/0
 11210 | D:10     | Reached skill level 7 in Invocations
 11223 | D:10     | Found a staircase to the Orcish Mines.
 11300 | D:10     | Noticed a two-headed ogre
 11305 | D:10     | Killed a two-headed ogre
 11306 | D:10     | Reached skill level 1 in Shields
 11356 | D:10     | Found a transporter.
 11356 | D:10     | Found a transporter.
 11360 | D:10     | Found a transporter.
 11360 | D:10     | Found a transporter.
 11450 | D:10     | Found a shimmering altar of Xom.
 11460 | D:10     | Found a broken altar of Ashenzari.
 11721 | D:10     | Noticed Snorg
 11854 | D:10     | Found a runed translucent door.
 12160 | D:6      | Found an iron altar of Okawaru.
 12756 | D:6      | Found an iron altar of Okawaru.
 13173 | D:6      | Found a blossoming altar of Fedhas.
 13319 | D:8      | Reached skill level 2 in Shields
 13486 | D:11     | Reached skill level 3 in Shields
 13509 | D:11     | Noticed a two-headed ogre
 13511 | D:11     | Killed a two-headed ogre
 13580 | D:11     | Reached skill level 4 in Shields
 13709 | D:11     | Reached **** piety under Hepliaklqana
 13739 | D:11     | Reached skill level 5 in Shields
 13739 | D:11     | Found a staircase to the Lair.
 13741 | D:11     | Reached skill level 10 in Fighting
 14025 | Lair:1   | Entered Level 1 of the Lair of Beasts
 14190 | Lair:1   | Reached skill level 6 in Shields
 14246 | Lair:1   | Reached skill level 11 in Fighting
 14419 | Lair:1   | Found a runed translucent door.
 14421 | Lair:1   | Noticed Winged's ghost (novice TrFi)
 14428 | Lair:1   | Reached XP level 13. HP: 85/89 MP: 0/0
 14428 | Lair:1   | Learned a level 5 spell: Agony
 14450 | Lair:1   | Reached skill level 7 in Shields
 14742 | Lair:1   | Reached skill level 8 in Shields
 14926 | Lair:2   | Reached skill level 12 in Fighting
 15006 | Lair:2   | Found a staircase to the Shoals.
 15063 | Lair:2   | Reached skill level 9 in Shields
 15077 | Lair:2   | Noticed Sonja
 15185 | Lair:2   | Killed Sonja
 15480 | Lair:2   | Found a large runed translucent door.
 15480 | Lair:2   | Found a large runed translucent door.
 15483 | Lair:2   | Noticed hitsuchi's ghost (novice FeSh)
 15860 | Lair:2   | Killed hitsuchi's ghost
 15861 | Lair:2   | Reached skill level 10 in Spellcasting
 15861 | Lair:2   | Reached skill level 10 in Conjurations
 15861 | Lair:2   | Reached skill level 10 in Hexes
 15861 | Lair:2   | Reached skill level 10 in Summonings
 15861 | Lair:2   | Reached skill level 10 in Necromancy
 15861 | Lair:2   | Reached skill level 10 in Translocations
 15861 | Lair:2   | Reached skill level 10 in Transmutations
 15861 | Lair:2   | Reached skill level 10 in Fire Magic
 15861 | Lair:2   | Reached skill level 10 in Ice Magic
 15861 | Lair:2   | Reached skill level 10 in Air Magic
 15861 | Lair:2   | Reached skill level 10 in Earth Magic
 15861 | Lair:2   | Reached skill level 10 in Poison Magic
 15924 | Lair:3   | Found a staircase to the Snake Pit.
 16341 | Lair:3   | Reached XP level 14. HP: 91/96 MP: 0/0
 16572 | Lair:3   | Reached skill level 11 in Spellcasting
 16572 | Lair:3   | Reached skill level 11 in Conjurations
 16572 | Lair:3   | Reached skill level 11 in Hexes
 16572 | Lair:3   | Reached skill level 11 in Summonings
 16572 | Lair:3   | Reached skill level 11 in Necromancy
 16572 | Lair:3   | Reached skill level 11 in Translocations
 16572 | Lair:3   | Reached skill level 11 in Transmutations
 16572 | Lair:3   | Reached skill level 11 in Fire Magic
 16572 | Lair:3   | Reached skill level 11 in Ice Magic
 16572 | Lair:3   | Reached skill level 11 in Air Magic
 16572 | Lair:3   | Reached skill level 11 in Earth Magic
 16572 | Lair:3   | Reached skill level 11 in Poison Magic
 16747 | Lair:3   | Reached ***** piety under Hepliaklqana
 17408 | Lair:4   | Reached skill level 12 in Spellcasting
 17408 | Lair:4   | Reached skill level 12 in Conjurations
 17408 | Lair:4   | Reached skill level 12 in Hexes
 17408 | Lair:4   | Reached skill level 12 in Summonings
 17408 | Lair:4   | Reached skill level 12 in Necromancy
 17408 | Lair:4   | Reached skill level 12 in Translocations
 17408 | Lair:4   | Reached skill level 12 in Transmutations
 17408 | Lair:4   | Reached skill level 12 in Fire Magic
 17408 | Lair:4   | Reached skill level 12 in Ice Magic
 17408 | Lair:4   | Reached skill level 12 in Air Magic
 17408 | Lair:4   | Reached skill level 12 in Earth Magic
 17408 | Lair:4   | Reached skill level 12 in Poison Magic
 17516 | Lair:4   | Reached skill level 1 in Evocations
 17526 | Lair:4   | Reached skill level 2 in Evocations
 17597 | Lair:4   | Reached skill level 3 in Evocations
 17613 | Lair:4   | Reached skill level 4 in Evocations
 18100 | Lair:4   | Reached skill level 5 in Evocations
 18232 | Lair:5   | Entered Level 5 of the Lair of Beasts
 18250 | Lair:5   | Reached skill level 5 in Dodging
 18346 | Lair:5   | Identified the +2 scale mail of the Minstrel {rPois Int+2}
 18387 | Lair:5   | Reached skill level 6 in Dodging
 18649 | Lair:5   | Reached skill level 7 in Dodging
 18682 | Lair:5   | Reached XP level 15. HP: 75/100 MP: 0/0
 18682 | Lair:5   | Learned a level 6 spell: Simulacrum
 18824 | Lair:5   | Reached skill level 8 in Dodging
 19131 | Lair:5   | Reached skill level 10 in Shields
 19561 | Lair:5   | Reached skill level 11 in Shields
 19726 | Lair:5   | Found a runed translucent door.
 19727 | Lair:5   | Found a viscous altar of Jiyva.
 19729 | Lair:5   | Found a staircase to the Slime Pits.
 19950 | Orc:1    | Entered Level 1 of the Orcish Mines
 19952 | Orc:1    | Noticed Nergalle
 19957 | Orc:1    | Killed Nergalle
 20076 | Orc:1    | Noticed Fannar
 20082 | Orc:1    | Killed Fannar
 20231 | Orc:1    | Noticed an orc warlord
 20251 | Orc:1    | Killed an orc warlord
 20255 | Orc:1    | Reached skill level 12 in Shields
 20699 | Orc:2    | Entered Level 2 of the Orcish Mines
 21313 | Orc:2    | Found Tien's Armour Emporium.
 21329 | Orc:2    | Found Hatil's General Store.
 21329 | Orc:2    | Noticed an orc warlord
 21343 | Orc:2    | Reached skill level 13 in Fighting
 21369 | Orc:2    | Killed an orc warlord
 21641 | Orc:2    | Noticed an orc warlord
 21653 | Orc:2    | Killed an orc warlord
 21666 | Orc:2    | Reached XP level 16. HP: 98/109 MP: 0/0
 21873 | Orc:2    | Found Efoguomeit's Magic Scroll Shop.
 21877 | Orc:2    | Reached skill level 14 in Fighting
 21926 | Orc:2    | Bought a scroll of poison for 44 gold pieces
 21926 | Orc:2    | Bought a scroll of butterflies for 44 gold pieces
 21952 | Orc:2    | Found Ympecaba's Weapon Boutique.
 22458 | Orc:2    | Found a staircase to the Elven Halls.
 22622 | Orc:2    | Bought a +2 helmet of intelligence for 322 gold pieces
 22809 | D:12     | Reached ****** piety under Hepliaklqana
 22827 | D:12     | Noticed Josephine
 22833 | D:12     | Killed Josephine
 23582 | D:13     | Reached skill level 15 in Fighting
 23586 | D:13     | Reached skill level 6 in Evocations
 23634 | D:13     | Found a gate leading to a gauntlet.
 23639 | Gauntlet | Entered a Gauntlet
 23639 | Gauntlet | Found a transporter.
 23639 | Gauntlet | Found a transporter.
 23644 | Gauntlet | Found a transporter.
 23645 | Gauntlet | Found a transporter.
 23646 | Gauntlet | Found a transporter.
 23657 | Gauntlet | Found a transporter.
 23659 | Gauntlet | Found a transporter.
 23669 | Gauntlet | Found a transporter.
 23761 | Gauntlet | Found a transporter.
 23775 | Gauntlet | Found a transporter.
 23777 | Gauntlet | Found a transporter.
 23785 | Gauntlet | Found a transporter.
 24165 | Gauntlet | Identified the +1 pair of gloves of Action {Harm rElec
                  | Int-2 Dex+2}
 24311 | Gauntlet | Gained mutation: You are weak. (Str -2) [a cacodemon]
 24313 | Gauntlet | Reached skill level 7 in Evocations
 24389 | Gauntlet | Identified the amulet "Vuqelesh" {RegenMP rC+}
 24430 | Gauntlet | Identified the +4 ring mail "Umekof" {Harm +Blink}
 24430 | Gauntlet | Identified the ring of Mygyu {MP+9 Int+6}
 24472 | D:13     | Identified the +7 battleaxe of the Wheel {flame, MP+9}
 24641 | D:13     | Reached skill level 8 in Evocations
 24769 | D:13     | Found a gate to the Vaults.
 25356 | D:13     | Found a gate to the Vaults.
 25701 | D:14     | Reached skill level 9 in Evocations
 26170 | D:14     | Found Siumixep's Book Shop.
 26320 | D:14     | Reached XP level 17. HP: 93/117 MP: 0/0
 26320 | D:14     | Learned a level 6 spell: Conjure Ball Lightning
 26838 | D:15     | Entered Level 15 of the Dungeon
 27333 | D:15     | Reached skill level 13 in Spellcasting
 27333 | D:15     | Reached skill level 13 in Conjurations
 27333 | D:15     | Reached skill level 13 in Hexes
 27333 | D:15     | Reached skill level 13 in Summonings
 27333 | D:15     | Reached skill level 13 in Necromancy
 27333 | D:15     | Reached skill level 13 in Translocations
 27333 | D:15     | Reached skill level 13 in Transmutations
 27333 | D:15     | Reached skill level 13 in Fire Magic
 27333 | D:15     | Reached skill level 13 in Ice Magic
 27333 | D:15     | Reached skill level 13 in Air Magic
 27333 | D:15     | Reached skill level 13 in Earth Magic
 27333 | D:15     | Reached skill level 13 in Poison Magic
 27371 | D:15     | Found a staircase to the Depths.
 28220 | Shoals:1 | Entered Level 1 of the Shoals
 28849 | Shoals:1 | Noticed Kirke
 28881 | Shoals:1 | Killed Kirke
 29391 | Shoals:2 | Noticed a kraken
 29397 | Shoals:2 | Killed a kraken
 29398 | Shoals:2 | Reached skill level 14 in Spellcasting
 29398 | Shoals:2 | Reached skill level 14 in Conjurations
 29398 | Shoals:2 | Reached skill level 14 in Hexes
 29398 | Shoals:2 | Reached skill level 14 in Summonings
 29398 | Shoals:2 | Reached skill level 14 in Necromancy
 29398 | Shoals:2 | Reached skill level 14 in Translocations
 29398 | Shoals:2 | Reached skill level 14 in Transmutations
 29398 | Shoals:2 | Reached skill level 14 in Fire Magic
 29398 | Shoals:2 | Reached skill level 14 in Ice Magic
 29398 | Shoals:2 | Reached skill level 14 in Air Magic
 29398 | Shoals:2 | Reached skill level 14 in Earth Magic
 29398 | Shoals:2 | Reached skill level 14 in Poison Magic
 30616 | Shoals:3 | Noticed a kraken
 30627 | Shoals:3 | Killed a kraken
 30628 | Shoals:3 | Reached XP level 18. HP: 94/124 MP: 0/0
 30642 | Shoals:3 | Reached skill level 15 in Spellcasting
 30642 | Shoals:3 | Reached skill level 15 in Conjurations
 30642 | Shoals:3 | Reached skill level 15 in Hexes
 30642 | Shoals:3 | Reached skill level 15 in Summonings
 30642 | Shoals:3 | Reached skill level 15 in Necromancy
 30642 | Shoals:3 | Reached skill level 15 in Translocations
 30642 | Shoals:3 | Reached skill level 15 in Transmutations
 30642 | Shoals:3 | Reached skill level 15 in Fire Magic
 30642 | Shoals:3 | Reached skill level 15 in Ice Magic
 30642 | Shoals:3 | Reached skill level 15 in Air Magic
 30642 | Shoals:3 | Reached skill level 15 in Earth Magic
 30642 | Shoals:3 | Reached skill level 15 in Poison Magic
 31312 | Shoals:4 | Entered Level 4 of the Shoals
 31595 | Shoals:4 | Reached skill level 9 in Dodging
 32370 | Shoals:4 | Reached skill level 1 in Throwing
 32387 | Shoals:4 | Reached skill level 10 in Dodging
 32470 | Shoals:4 | Reached skill level 2 in Throwing
 32478 | Shoals:4 | Reached skill level 16 in Fighting
 32566 | Shoals:4 | Got a barnacled rune of Zot
 33128 | Snake:1  | Entered Level 1 of the Snake Pit
 33427 | Snake:1  | Reached skill level 3 in Throwing
 33918 | Snake:1  | Reached skill level 4 in Throwing
 34258 | Snake:2  | Reached XP level 19. HP: 126/132 MP: 0/0
 34258 | Snake:2  | Learned a level 7 spell: Orb of Destruction
 35004 | Snake:2  | Identified the +4 ring mail of the Untouchables {+Inv rC-
                  | Int+4}
 35440 | Snake:3  | Reached skill level 17 in Fighting
 35567 | Snake:3  | Found Toix's Assorted Antiques.
 35582 | Snake:3  | Found Paonadax's General Store.
 35605 | Snake:3  | Bought a scroll of teleportation for 81 gold pieces
 35605 | Snake:3  | Bought a scroll of fear for 108 gold pieces
 35612 | Snake:3  | Bought a potion of heal wounds for 60 gold pieces
 35612 | Snake:3  | Bought a potion of curing for 36 gold pieces
 35942 | Snake:3  | Found a bloodstained altar of Trog.
 36567 | Snake:4  | Entered Level 4 of the Snake Pit
 36879 | Snake:4  | Found Vuorruso's Gadget Gallery.
 36907 | Snake:4  | Bought a wand of quicksilver (6) for 378 gold pieces
 36907 | Snake:4  | Bought a wand of roots (3) for 108 gold pieces
 36907 | Snake:4  | Bought a phial of floods for 600 gold pieces
 36907 | Snake:4  | Bought a wand of charming (3) for 108 gold pieces
 36986 | Snake:4  | Reached skill level 18 in Fighting
 37077 | Snake:4  | Found a frozen archway.
 37136 | IceCv    | Entered an ice cave
 37181 | IceCv    | Reached skill level 16 in Spellcasting
 37181 | IceCv    | Reached skill level 16 in Conjurations
 37181 | IceCv    | Reached skill level 16 in Hexes
 37181 | IceCv    | Reached skill level 16 in Summonings
 37181 | IceCv    | Reached skill level 16 in Necromancy
 37181 | IceCv    | Reached skill level 16 in Translocations
 37181 | IceCv    | Reached skill level 16 in Transmutations
 37181 | IceCv    | Reached skill level 16 in Fire Magic
 37181 | IceCv    | Reached skill level 16 in Ice Magic
 37181 | IceCv    | Reached skill level 16 in Air Magic
 37181 | IceCv    | Reached skill level 16 in Earth Magic
 37181 | IceCv    | Reached skill level 16 in Poison Magic
 38088 | IceCv    | Reached XP level 20. HP: 140/141 MP: 0/0
 38756 | Snake:4  | Reached skill level 17 in Spellcasting
 38756 | Snake:4  | Reached skill level 17 in Conjurations
 38756 | Snake:4  | Reached skill level 17 in Hexes
 38756 | Snake:4  | Reached skill level 17 in Summonings
 38756 | Snake:4  | Reached skill level 17 in Necromancy
 38756 | Snake:4  | Reached skill level 17 in Translocations
 38756 | Snake:4  | Reached skill level 17 in Transmutations
 38756 | Snake:4  | Reached skill level 17 in Fire Magic
 38756 | Snake:4  | Reached skill level 17 in Ice Magic
 38756 | Snake:4  | Reached skill level 17 in Air Magic
 38756 | Snake:4  | Reached skill level 17 in Earth Magic
 38756 | Snake:4  | Reached skill level 17 in Poison Magic
 38984 | Snake:4  | Got a serpentine rune of Zot
 39405 | Vaults:1 | Entered Level 1 of the Vaults
 39704 | Vaults:1 | Identified the +9 sling "Ijejar" {antimagic, rPois SInv}
 40084 | Vaults:1 | Reached skill level 18 in Spellcasting
 40084 | Vaults:1 | Reached skill level 18 in Conjurations
 40084 | Vaults:1 | Reached skill level 18 in Hexes
 40084 | Vaults:1 | Reached skill level 18 in Summonings
 40084 | Vaults:1 | Reached skill level 18 in Necromancy
 40084 | Vaults:1 | Reached skill level 18 in Translocations
 40084 | Vaults:1 | Reached skill level 18 in Transmutations
 40084 | Vaults:1 | Reached skill level 18 in Fire Magic
 40084 | Vaults:1 | Reached skill level 18 in Ice Magic
 40084 | Vaults:1 | Reached skill level 18 in Air Magic
 40084 | Vaults:1 | Reached skill level 18 in Earth Magic
 40084 | Vaults:1 | Reached skill level 18 in Poison Magic
 40363 | Vaults:1 | Reached XP level 21. HP: 78/146 MP: 0/0
 40363 | Vaults:1 | Learned a level 8 spell: Ignition
 40771 | Vaults:1 | Found Gumachip's Jewellery Emporium.
 40779 | Vaults:1 | Bought the ring of Adixtamo {Wiz Int+4} for 726 gold pieces
 41538 | Vaults:2 | Noticed Jory
 41589 | Vaults:2 | Killed Jory
 41807 | Vaults:2 | Reached skill level 19 in Spellcasting
 41807 | Vaults:2 | Reached skill level 19 in Conjurations
 41807 | Vaults:2 | Reached skill level 19 in Hexes
 41807 | Vaults:2 | Reached skill level 19 in Summonings
 41807 | Vaults:2 | Reached skill level 19 in Necromancy
 41807 | Vaults:2 | Reached skill level 19 in Translocations
 41807 | Vaults:2 | Reached skill level 19 in Transmutations
 41807 | Vaults:2 | Reached skill level 19 in Fire Magic
 41807 | Vaults:2 | Reached skill level 19 in Ice Magic
 41807 | Vaults:2 | Reached skill level 19 in Air Magic
 41807 | Vaults:2 | Reached skill level 19 in Earth Magic
 41807 | Vaults:2 | Reached skill level 19 in Poison Magic
 42024 | Vaults:2 | Noticed Norris
 42031 | Vaults:2 | Killed Norris
 42417 | Vaults:2 | Noticed Zenata
 42425 | Vaults:2 | Killed Zenata
 42819 | Vaults:3 | Noticed an ancient lich
 42826 | Vaults:3 | Killed an ancient lich
 42879 | Vaults:3 | Reached XP level 22. HP: 130/152 MP: 0/0
 42936 | Vaults:3 | Reached skill level 20 in Spellcasting
 42936 | Vaults:3 | Reached skill level 20 in Conjurations
 42936 | Vaults:3 | Reached skill level 20 in Hexes
 42936 | Vaults:3 | Reached skill level 20 in Summonings
 42936 | Vaults:3 | Reached skill level 20 in Necromancy
 42936 | Vaults:3 | Reached skill level 20 in Translocations
 42936 | Vaults:3 | Reached skill level 20 in Transmutations
 42936 | Vaults:3 | Reached skill level 20 in Fire Magic
 42936 | Vaults:3 | Reached skill level 20 in Ice Magic
 42936 | Vaults:3 | Reached skill level 20 in Air Magic
 42936 | Vaults:3 | Reached skill level 20 in Earth Magic
 42936 | Vaults:3 | Reached skill level 20 in Poison Magic
 43549 | Vaults:3 | Found a staircase to the Crypt.
 44072 | Vaults:4 | Found a gateway to a bazaar.
 44769 | Vaults:4 | Reached skill level 21 in Spellcasting
 44769 | Vaults:4 | Reached skill level 21 in Conjurations
 44769 | Vaults:4 | Reached skill level 21 in Hexes
 44769 | Vaults:4 | Reached skill level 21 in Summonings
 44769 | Vaults:4 | Reached skill level 21 in Necromancy
 44769 | Vaults:4 | Reached skill level 21 in Translocations
 44769 | Vaults:4 | Reached skill level 21 in Transmutations
 44769 | Vaults:4 | Reached skill level 21 in Fire Magic
 44769 | Vaults:4 | Reached skill level 21 in Ice Magic
 44769 | Vaults:4 | Reached skill level 21 in Air Magic
 44769 | Vaults:4 | Reached skill level 21 in Earth Magic
 44769 | Vaults:4 | Reached skill level 21 in Poison Magic
 45473 | Vaults:4 | Reached XP level 23. HP: 107/157 MP: 0/0
 45473 | Vaults:4 | Learned a level 7 spell: Monstrous Menagerie
 46032 | Elf:1    | Entered Level 1 of the Elven Halls
 46032 | Elf:1    | Found a runed translucent gate.
 46032 | Elf:1    | Found a runed translucent gate.
 46032 | Elf:1    | Found a runed translucent gate.
 46032 | Elf:1    | Found a runed translucent gate.
 46032 | Elf:1    | Found a runed translucent gate.
 46032 | Elf:1    | Found a runed translucent gate.
 46033 | Elf:1    | Found a runed translucent door.
 46157 | Elf:1    | Found a runed translucent door.
 46193 | Elf:1    | Identified the ring "Kixkul" {Str+3 Int+6 Slay+3}
 46951 | Elf:1    | Found Henaz's Assorted Antiques.
 46986 | Elf:1    | Bought a scroll of teleportation for 87 gold pieces
 46986 | Elf:1    | Bought a bubbling clear potion for 26 gold pieces
 46999 | Elf:1    | Found Ziseg's Neck Hole.
 47033 | Elf:1    | Bought an amulet of regeneration for 360 gold pieces
 47490 | Elf:2    | Found a runed translucent gate.
 47490 | Elf:2    | Found a runed translucent gate.
 47490 | Elf:2    | Found a runed translucent gate.
 47566 | Elf:2    | Reached skill level 22 in Spellcasting
 47566 | Elf:2    | Reached skill level 22 in Conjurations
 47566 | Elf:2    | Reached skill level 22 in Hexes
 47566 | Elf:2    | Reached skill level 22 in Summonings
 47566 | Elf:2    | Reached skill level 22 in Necromancy
 47566 | Elf:2    | Reached skill level 22 in Translocations
 47566 | Elf:2    | Reached skill level 22 in Transmutations
 47566 | Elf:2    | Reached skill level 22 in Fire Magic
 47566 | Elf:2    | Reached skill level 22 in Ice Magic
 47566 | Elf:2    | Reached skill level 22 in Air Magic
 47566 | Elf:2    | Reached skill level 22 in Earth Magic
 47566 | Elf:2    | Reached skill level 22 in Poison Magic
 48283 | Elf:3    | Entered Level 3 of the Elven Halls
 48347 | Elf:3    | Found a magical portal.
 48357 | WizLab   | Entered The Hall of the Hellbinder
 49005 | Elf:3    | Found Hioluh's Magic Scroll Shoppe.
 49261 | Elf:3    | Paralysed by an air elemental for 1 turns
 49728 | Elf:3    | Identified the +11 falchion of Defence by Offence {venom,
                  | rF+ Dex+5}
 49728 | Elf:3    | Identified the ring "Reunailo" {Wiz rElec Will- Slay+5}
 50168 | Elf:3    | Identified the +2 falchion of Hesetz Viargh {freeze, rC+}
 50266 | Elf:3    | Reached XP level 24. HP: 158/162 MP: 0/0
 50938 | Elf:3    | Identified the ring of Runoplep {rCorr Str+4}
 51706 | Elf:3    | Reached skill level 23 in Spellcasting
 51706 | Elf:3    | Reached skill level 23 in Conjurations
 51706 | Elf:3    | Reached skill level 23 in Hexes
 51706 | Elf:3    | Reached skill level 23 in Summonings
 51706 | Elf:3    | Reached skill level 23 in Necromancy
 51706 | Elf:3    | Reached skill level 23 in Translocations
 51706 | Elf:3    | Reached skill level 23 in Transmutations
 51706 | Elf:3    | Reached skill level 23 in Fire Magic
 51706 | Elf:3    | Reached skill level 23 in Ice Magic
 51706 | Elf:3    | Reached skill level 23 in Air Magic
 51706 | Elf:3    | Reached skill level 23 in Earth Magic
 51706 | Elf:3    | Reached skill level 23 in Poison Magic
 52128 | Elf:3    | Identified the staff "Qarchiack" {Int+3 Conj}
 52632 | Slime:1  | Entered Level 1 of the Pits of Slime
 54246 | Slime:5  | Entered Level 5 of the Pits of Slime
 56053 | Slime:5  | Noticed the Royal Jelly
 56068 | Slime:5  | Killed the Royal Jelly
 56427 | Slime:5  | Identified the +7 mace of Untruth {freeze, rF+ rCorr Dex+4}
 56449 | Slime:5  | Got a slimy rune of Zot
 56491 | Slime:5  | Identified the +8 broad axe of Prudence {flame, Dex+5}
 56505 | Slime:5  | Identified the +2 ring mail "Wuzayheh" {rN+ Regen+}
 56597 | Slime:5  | Reached skill level 24 in Spellcasting
 56597 | Slime:5  | Reached skill level 24 in Conjurations
 56597 | Slime:5  | Reached skill level 24 in Hexes
 56597 | Slime:5  | Reached skill level 24 in Summonings
 56597 | Slime:5  | Reached skill level 24 in Necromancy
 56597 | Slime:5  | Reached skill level 24 in Translocations
 56597 | Slime:5  | Reached skill level 24 in Transmutations
 56597 | Slime:5  | Reached skill level 24 in Fire Magic
 56597 | Slime:5  | Reached skill level 24 in Ice Magic
 56597 | Slime:5  | Reached skill level 24 in Air Magic
 56597 | Slime:5  | Reached skill level 24 in Earth Magic
 56597 | Slime:5  | Reached skill level 24 in Poison Magic
 57876 | Depths:1 | Entered Level 1 of the Depths
 57876 | Depths:1 | Found a gateway to Hell.
 58275 | Crypt:1  | Entered Level 1 of the Crypt
 58328 | Crypt:1  | Reached XP level 25. HP: 168/168 MP: 0/0
 58328 | Crypt:1  | Learned a level 8 spell: Infestation
 58337 | Crypt:1  | Reached skill level 5 in Armour
 58342 | Crypt:1  | Found a burning altar of Makhleb.
 58791 | Crypt:1  | Reached skill level 10 in Evocations
 58803 | Crypt:1  | Reached skill level 6 in Armour
 58836 | Crypt:1  | Noticed Grunn
 58841 | Crypt:1  | Killed Grunn
 59577 | Crypt:2  | Noticed Saint Roka
 59585 | Crypt:2  | Killed Saint Roka
 59819 | Crypt:3  | Entered Level 3 of the Crypt
 59821 | Crypt:3  | Reached skill level 7 in Armour
 59988 | Crypt:3  | Found a basalt altar of Yredelemnul.
 60011 | Crypt:3  | Reached skill level 11 in Evocations
 60459 | Crypt:3  | Reached skill level 19 in Fighting
 60488 | Crypt:3  | Reached skill level 8 in Armour
 60959 | Crypt:3  | Identified the +0 robe "Mohuhung" {*Slow Will+++ rCorr
                  | Int+2}
 61453 | Crypt:3  | Reached skill level 12 in Evocations
 61476 | Crypt:3  | Found a staircase to the Tomb.
 61558 | Crypt:3  | Reached XP level 26. HP: 147/179 MP: 0/0
 61986 | Depths:1 | Reached skill level 5 in Throwing
 62188 | Depths:1 | Reached skill level 6 in Throwing
 62254 | Depths:1 | Reached skill level 20 in Fighting
 62262 | Depths:1 | Found a burning altar of Makhleb.
 62336 | Depths:1 | Reached skill level 7 in Throwing
 62608 | Depths:1 | Found Ussim's Magic Scroll Emporium.
 62623 | Depths:1 | Found Agepihox's Distillery.
 62625 | Depths:1 | Found Kuidd's Assorted Antiques.
 62629 | Depths:1 | Bought a scroll of fog for 88 gold pieces
 62631 | Depths:1 | Bought a potion of heal wounds for 105 gold pieces
 62631 | Depths:1 | Bought a potion of heal wounds for 105 gold pieces
 62839 | Bazaar   | Entered a bazaar
 62839 | Bazaar   | Found Omuuhoh's Antique Weapon Shop.
 62839 | Bazaar   | Found Qeuw's Antique Armour Shop.
 62882 | Bazaar   | Found Ywihishrij's Distillery.
 62890 | Bazaar   | Bought a potion of enlightenment for 60 gold pieces
 62890 | Bazaar   | Bought a potion of resistance for 120 gold pieces
 62904 | Bazaar   | Bought a sheer robe for 131 gold pieces
 62904 | Bazaar   | Identified the +2 robe of the Sandy God {+Blink rElec
                  | Int+5} (You bought it in a shop in a bazaar)
 62908 | Bazaar   | Bought a runed chain mail for 172 gold pieces
 62910 | Bazaar   | Bought a glowing ring mail for 161 gold pieces
 63173 | Depths:1 | Found a one-way gate leading to the halls of Pandemonium.
 63198 | Depths:1 | Noticed an ancient lich
 63199 | Depths:1 | Found a one-way gateway to a ziggurat.
 63732 | Depths:2 | Reached skill level 8 in Throwing
 64059 | Depths:2 | Reached skill level 9 in Throwing
 64275 | Depths:2 | Reached skill level 10 in Throwing
 64488 | Depths:2 | Reached skill level 21 in Fighting
 65013 | Depths:2 | Noticed Sojobo
 65020 | Depths:2 | Reached skill level 11 in Throwing
 65021 | Depths:2 | Killed Sojobo
 65801 | Depths:3 | Reached skill level 12 in Throwing
 65803 | Depths:3 | Reached XP level 27. HP: 148/189 MP: 0/0
 65803 | Depths:3 | Learned a level 9 spell: Shatter
 66024 | Depths:3 | Found a one-way gate to the infinite horrors of the Abyss.
 66160 | Depths:3 | Noticed a shard shrike
 66164 | Depths:3 | Killed a shard shrike
 66471 | Depths:3 | Identified the staff "Qafog" {rC+ rN+ Stlth+ Conj Necro}
 66475 | Depths:3 | Reached skill level 22 in Fighting
 66763 | Depths:4 | Entered Level 4 of the Depths
 66765 | Depths:4 | Reached skill level 13 in Throwing
 66964 | Depths:4 | Noticed a juggernaut
 66968 | Depths:4 | Killed a juggernaut
 67110 | Depths:4 | Identified the +0 plate armour "Hecuecso" {rN+}
 67298 | Depths:4 | Found a bloodstained altar of Trog.
 67339 | Depths:4 | Found a portal to a secret trove of treasure.
 67539 | Depths:4 | Found a gate to the Realm of Zot.
 68328 | Vaults:5 | Entered Level 5 of the Vaults
 68340 | Vaults:5 | Reached skill level 14 in Throwing
 68343 | Vaults:5 | Noticed a dread lich
 68625 | Vaults:5 | Reached skill level 23 in Fighting
 68641 | Vaults:5 | Identified the +9 rapier of Qubuygyh {spect, rF+ Int+2}
 68662 | Vaults:5 | Killed a dread lich
 68876 | Vaults:5 | Identified the +2 robe of the Saviour {rElec Int+3 Dex+3}
 68935 | Vaults:5 | Got a silver rune of Zot
 69049 | Vaults:5 | Identified the +1 leather armour "Anoisk" {Dex+5}
 69051 | Vaults:5 | Reached skill level 15 in Throwing
 69226 | Vaults:5 | Identified the +3 scale mail of Habroopne {rC+ Str+6}
 69256 | Vaults:5 | Identified the staff "Palouxt" {rC+ Dex+5 Conj}
 70175 | Depths:1 | Killed an ancient lich
 70367 | Orc:2    | Bought +1 storm dragon scales for 1305 gold pieces
 70605 | Depths:4 | You paid a toll of +3 storm dragon scales to enter a
                  | treasure trove
 70606 | Trove    | Entered a treasure trove
 70626 | Trove    | Identified the +9 demon whip of Res Judicata {flame,
                  | Fragile rPois rC++ rCorr}
 70627 | Trove    | Identified the +9 triple sword of Ojeonac {heavy, rC+
                  | Will++}
 70650 | Trove    | Identified the +9 falchion of Xom's Respect {pain, Int+4
                  | SInv}
 70652 | Trove    | Identified the +4 executioner's axe "Siutrerph" {vamp, rC+
                  | Str+7 Stlth+}
 70805 | Zot:1    | Entered Level 1 of the Realm of Zot
 71633 | Zot:1    | Identified the +8 hand axe of Compulsion {spect, Drain
                  | Dex+4 SInv}
 72144 | Zot:2    | Reached skill level 24 in Fighting
 72302 | Zot:3    | Reached skill level 16 in Throwing
 72474 | Zot:3    | Reached skill level 9 in Armour
 73270 | Zot:4    | Reached skill level 10 in Armour
 73562 | Zot:5    | Entered Level 5 of the Realm of Zot
 73602 | Zot:5    | Noticed an orb of fire
 73607 | Zot:5    | Killed an orb of fire
 73624 | Zot:5    | Reached skill level 11 in Armour
 74681 | Zot:5    | Reached skill level 12 in Armour
 75251 | Zot:5    | Noticed a dread lich
 75255 | Zot:5    | Killed a dread lich
 75622 | Zot:5    | Noticed an orb of fire
 75623 | Zot:5    | Gained mutation: You sometimes lose your temper in combat.
                  | [an orb of fire]
 75636 | Zot:5    | Killed an orb of fire
 75636 | Zot:5    | Noticed a dread lich
 75698 | Zot:5    | Killed a dread lich
 75698 | Zot:5    | Noticed an orb of fire
 75699 | Zot:5    | Reached skill level 13 in Armour
 75703 | Zot:5    | Gained mutation: You are clumsy. (Dex -2) [an orb of fire]
 75707 | Zot:5    | Killed an orb of fire
 75710 | Zot:5    | Noticed a Killer Klown
 75713 | Zot:5    | Killed a Killer Klown
 75914 | Zot:5    | Noticed a dread lich
 75917 | Zot:5    | Killed a dread lich
 76091 | Zot:5    | Noticed an orb of fire
 76095 | Zot:5    | Killed an orb of fire
 76096 | Zot:5    | Reached skill level 14 in Armour
 76431 | Zot:5    | Noticed a dread lich
 76434 | Zot:5    | Reached skill level 11 in Dodging
 76435 | Zot:5    | Killed a dread lich
 76747 | Zot:5    | Noticed a dread lich
 76757 | Zot:5    | Killed a dread lich
 76887 | Zot:5    | Noticed a Killer Klown
 76890 | Zot:5    | Killed a Killer Klown
 77332 | Zot:5    | Reached skill level 12 in Dodging
 78011 | Zot:5    | Noticed an orb of fire
 78023 | Zot:5    | Killed an orb of fire
 78476 | Zot:5    | Reached skill level 13 in Dodging
 78921 | Zot:5    | Noticed a Killer Klown
 78925 | Zot:5    | Killed a Killer Klown
 78968 | Zot:5    | Noticed an orb of fire
 78972 | Zot:5    | Killed an orb of fire
 79136 | Zot:5    | Reached skill level 14 in Dodging
 79139 | Zot:5    | Noticed an orb of fire
 79144 | Zot:5    | Gained mutation: You have hidden genetic defects. [an orb
                  | of fire]
 79147 | Zot:5    | Gained mutation: You are dopey. (Int -2) [an orb of fire]
 79149 | Zot:5    | Killed an orb of fire
 79172 | Zot:5    | Lost mutation: You have hidden genetic defects. [potion of
                  | mutation]
 79172 | Zot:5    | Lost mutation: You are weak. (Str -2) [potion of mutation]
 79172 | Zot:5    | Gained mutation: You do not regenerate when monsters are
                  | visible. [potion of mutation]
 79172 | Zot:5    | Gained mutation: You occasionally lose the ability to drink
                  | potions when taking damage. [potion of mutation]
 79173 | Zot:5    | Lost mutation: You are clumsy. (Dex -2) [potion of
                  | mutation]
 79173 | Zot:5    | Lost mutation: You occasionally lose the ability to drink
                  | potions when taking damage. [potion of mutation]
 79173 | Zot:5    | Gained mutation: You have a pair of small horns on your
                  | head. [potion of mutation]
 79173 | Zot:5    | Gained mutation: You passively map a small area around you.
                  | [potion of mutation]
 79174 | Zot:5    | Lost mutation: You sometimes lose your temper in combat.
                  | [potion of mutation]
 79174 | Zot:5    | Lost mutation: You have a pair of small horns on your head.
                  | [potion of mutation]
 79174 | Zot:5    | Lost mutation: You are dopey. (Int -2) [potion of mutation]
 79174 | Zot:5    | Gained mutation: Your spells are a little harder to cast,
                  | but a little more powerful. [potion of mutation]
 79174 | Zot:5    | Gained mutation: You possess an exceptional clarity of
                  | mind. [potion of mutation]
 79174 | Zot:5    | Gained mutation: You occasionally lose the ability to drink
                  | potions when taking damage. [potion of mutation]
 79174 | Zot:5    | Gained mutation: You expend health (3 HP) to strengthen
                  | your wands. [potion of mutation]
 79175 | Zot:5    | Lost mutation: You occasionally lose the ability to drink
                  | potions when taking damage. [potion of mutation]
 79175 | Zot:5    | Lost mutation: Your spells are a little harder to cast, but
                  | a little more powerful. [potion of mutation]
 79175 | Zot:5    | Lost mutation: You do not regenerate when monsters are
                  | visible. [potion of mutation]
 79175 | Zot:5    | Gained mutation: You occasionally lose the ability to drink
                  | potions when taking damage. [potion of mutation]
 79175 | Zot:5    | Gained mutation: You are resistant to electric shocks.
                  | (rElec) [potion of mutation]
 79175 | Zot:5    | Gained mutation: You are somewhat resistant to further
                  | mutation. [potion of mutation]
 79787 | Zot:5    | Got the Orb of Zot
 79925 | Depths:2 | Noticed Kyas the pandemonium lord
 80039 | D:13     | Noticed Syileum the pandemonium lord
 80217 | D:$      | Escaped with the Orb!

Illustrated notes

Levels and vault maps discovered:
D:1:      elethiomel_arrival_infinity_welcomes_careful_drivers, layout_rooms,
          chequers_serial_rivers_small_a, grunt_decor_clamped,
          serial_bayou_crossing
D:2:      layout_basic, shapermc_ecumenical_altar_venn, uniq_sigmund
D:3:      layout_rooms, fiery_altar_vehumet
D:4:      layout_cave_pools, tgw_kikubaaqudgha
D:5:      layout_loops_ring, temple_statues, chequers_serial_rivers_micro_c
D:6:      cheibrodos_helix_gallery, layout_loops_ring,
          mainiacjoe_overflow_six_doors_small, amcnicky_altar_gilded,
          gup_sewer_entry_pipe
D:7:      layout_rooms, slow_altar_1, enter_bailey_5, serial_rivers,
          chequers_serial_rivers_micro_d, chequers_serial_rivers_micro_a,
          chequers_serial_rivers_large_b, chequers_serial_rivers_small_b,
          uniq_maggie
D:8:      layout_loops_ring, nicolae_ru_the_path_less_chosen
D:9:      layout_loops_ring, mainiacjoe_overflow_brackets,
          overflow_temple_1_default, grunt_potential, uniq_erica
D:10:     layout_basic, dk_yredelemnul_ordeal, minitemple,
          kennysheep_orc_monster_closet_entryway, nicolae_diode_quadrants,
          uniq_snorg
D:11:     layout_cave_pools, erik_lair_orcish_takeover
D:12:     layout_loops_ring, uniq_josephine
D:13:     layout_gridville, lightli_vaults_fourway_checkpoint,
          gauntlet_entry_generic
D:14:     layout_basic, serial_bayou_pond_b, serial_shops,
          nicolae_shop_tiny_waterfront
D:15:     gammafunk_enter_depths_forms, layout_stronghold,
          amcnicky_mini_rare_corridor_liquid
Temple:   nicolae_temple_bog_church
Lair:1:   layout_roguey, hellmonk_ghost_happy_afterlife, st_stairs_7
Lair:2:   layout_cellular_growth, elwin_shoals_entry_rooms,
          ebering_ghost_disaster_area, minivault_26,
          infiniplex_staircase_pool_2, grunt_megastairs_1, serial_bayou_shore_a,
          uniq_sonja
Lair:3:   beast_lair_carwin_large_4, layout_regular_city,
          guppyfry_snake_entry_island, roderic_batcave, eino_house_with_fridge
Lair:4:   layout_regular_city, st_stairs_12
Lair:5:   hangedman_lair_in_review, layout_long_grid, slime_entry_2
Shoals:1: cheibrodos_shoals_oceanic_diplomacy, layout_shoals, uniq_kirke
Shoals:2: layout_shoals, nicolae_shoals_kraken_intersection
Shoals:3: layout_shoals
Shoals:4: shoals_end_grunt_garden, layout_shoals
Snake:1:  layout_gridlike, drop_trap
Snake:2:  layout_cave_town
Snake:3:  layout_basic, basic_altar, nicolae_snake_lava_pool,
          grunt_megastairs_3, minmay_shoptagon
Snake:4:  snake_pit_salamanders_mu, layout_misc_corridors,
          portal_ice_cave_entry_pillars_2, nicolae_shop_gadgets
Slime:1:  layout_caves
Slime:2:  layout_caves
Slime:3:  nicolae_slime_pool, layout_caves
Slime:4:  layout_caves, nicolae_slime_rock_hall_of_fame
Slime:5:  slime_pit_nicolae_amoeboid
Orc:1:    layout_diamond_mine, basic_altar, nooodl_orcs_dogs, uniq_nergalle,
          uniq_fannar
Orc:2:    pubby_orc_utopia, serial_shops
Elf:1:    nicolae_elf_arrival_dilemma, layout_geoelf_octagon, serial_shops,
          nicolae_shop_overgrown_old_shop, minmay_elf_annihilation,
          nicolae_shop_sticking_my_neck_out
Elf:2:    nicolae_elf_blades_splatter_lattice [nicolae_blade_bullseye],
          layout_gridlike, nicolae_fountain_basement
Elf:3:    grunt_elf_hall_asides, layout_onion_city, serial_shops,
          nicolae_shop_real_fake_doors, mu_enter_wizlab_5
Vaults:1: nicolae_vaults_meiosis, nicolae_vaults_tetromino_L_1,
          hangedman_vaults_restitches, v_rooms_3, v_misc_4, v_misc_22,
          nicolae_vaults_surprise_closet_hard,
          vaults_standard_mumra_enter_the_diamond, nicolae_vaults_tetromino_T_1,
          nicolae_vaults_three_branches, layout_vaults_chaotic_city,
          serial_shops, nicolae_diamond_shop
Vaults:2: hangedman_vaults_variations, ontoclasm_vaults_misaligned,
          nicolae_vaults_circle_grid_a, hangedman_vaults_snaps,
          nicolae_vaults_double_plus_1, nicolae_vaults_network_star,
          hangedman_vaults_pinch, nicolae_vaults_storage_closets_3,
          dpeg_vaults_monster_box, nicolae_vaults_tetromino_Z_1,
          nicolae_vaults_apartment_1, nicolae_vaults_apartment_2,
          nicolae_vaults_little_ls, layout_vaults_big_cross, uniq_jory,
          uniq_zenata, uniq_norris
Vaults:3: grunt_vaults_funnel, minmay_crypt_entry_simple_statues,
          hangedman_vaults_impose, v_rooms_2, nicolae_vaults_more_shelving_2,
          grunt_vaults_hallway_long, nicolae_vaults_heist,
          nicolae_vaults_murderbox, vaults_mumra_minichess, v_rooms_4,
          vaults_dpeg_emergency_exit, vaults_room_octagon, v_misc_22,
          grunt_vaults_diagonal, layout_vaults_maze_bifur
Vaults:4: ontoclasm_vaults_fault, v_rooms_1, v_alt_pattern_6,
          nicolae_vaults_arrows, v_misc_22, v_misc_29,
          nicolae_vaults_apartment_1, nicolae_vaults_closet_pinwheel_4,
          nicolae_vaults_surprise_closet, layout_vaults_omnigrid, serial_shops,
          statue_bzr
Vaults:5: serial_shops
Crypt:1:  layout_chaotic_city, lemuel_hellish_altar, lemuel_upstairs_altar,
          grunt_crypt_arrival_split, uniq_grunn
Crypt:2:  layout_basic, grunt_megastairs_5, uniq_saint_roka
Crypt:3:  grunt_crypt_end_deaths_head
Depths:1: layout_cave_shapes, enter_ziggurat_d, nicolae_figureground_sparkle,
          hell_entry, rand_demon_pan_entry_3, grunt_guarded_unrand_obsidian_axe,
          minmay_shop_star
Depths:2: evilmike_diamond_1, layout_basic, pf_coc_iceberg, pan_entry,
          chequers_serial_rivers_small_a, serial_bayou_shore_b,
          infiniplex_staircase_zigzag_1, uniq_sojobo
Depths:3: cheibrodos_leafed_vault, layout_gridlike, hangedman_abyss_entry_splay,
          hell_entry
Depths:4: grunt_zot_entry_tricorne, layout_cave_pools, hangedman_decor_opposing,
          nicolae_trove_entry_crossroad, rand_demon_pan_entry_5, hell_entry,
          trog_three_pillars_becter, serial_bayou_shore_b, serial_bayou_shore_b
Zot:1:    layout_gridlike, grunt_ministairs_14, lemuel_golem_globe
Zot:2:    grunt_zot_stairs_faceoff, layout_basic,
          gammafunk_ghost_wrathful_warriors, lemuel_elevator
Zot:3:    layout_misc_corridors, grunt_megastairs_4
Zot:4:    layout_basic
Zot:5:    layout_misc_corridors

Skill      XL: |  1  2  3  4  5  6  7  8  9 10 11 12 13 14 15 16 17 18 19 20 21 22 23 24 25 26 27 |
---------------+----------------------------------------------------------------------------------+-----
Stealth        | 1 2 |  2.0
Fighting       | 3 4 6 7 9 11 12 13 15 16 18 19 21 24 | 24.0
Shapeshifting  | 3 4 |  4.6
Spellcasting   | 2 4 7 9 10 12 14 15 16 18 19 21 22 24 | 24.0
Conjurations   | 2 4 7 9 10 12 14 15 16 18 19 21 22 24 | 24.0
Hexes          | 2 4 7 9 10 12 14 15 16 18 19 21 22 24 | 24.0
Summonings     | 2 4 7 9 10 12 14 15 16 18 19 21 22 24 | 24.0
Necromancy     | 2 4 7 9 10 12 14 15 16 18 19 21 22 24 | 24.0
Translocations | 2 4 7 9 10 12 14 15 16 18 19 21 22 24 | 24.0
Transmutations | 2 4 7 9 10 12 14 15 16 18 19 21 22 24 | 24.0
Fire Magic     | 2 4 7 9 10 12 14 15 16 18 19 21 22 24 | 24.0
Ice Magic      | 2 4 7 9 10 12 14 15 16 18 19 21 22 24 | 24.0
Air Magic      | 2 4 7 9 10 12 14 15 16 18 19 21 22 24 | 24.0
Earth Magic    | 2 4 7 9 10 12 14 15 16 18 19 21 22 24 | 24.0
Poison Magic   | 2 4 7 9 10 12 14 15 16 18 19 21 22 24 | 24.0
Dodging        | 4 7 8 10 14 | 14.0
Armour         | 4 8 14 | 14.0
Invocations    | 6 7 |  7.0
Shields        | 6 9 12 | 12.9
Evocations     | 5 9 12 | 12.0
Throwing       | 4 12 16 | 16.0
Unarmed Combat | |  3.8

Action                     |  1- 3 |  4- 6 |  7- 9 | 10-12 | 13-15 | 16-18 | 19-21 | 22-24 | 25-27 || total
---------------------------+-------+-------+-------+-------+-------+-------+-------+-------+-------++-------
  Melee: Unarmed           |    84 |       |       |       |       |       |       |       |       ||    84
         Punch             |     1 |     1 |    10 |       |       |       |       |       |       ||    12
         Dagger            |     9 |   126 |   241 |     7 |       |       |       |       |       ||   383
         Short sword       |       |       |    13 |       |       |       |       |       |       ||    13
         Scimitar          |       |       |       |     2 |    16 |     2 |       |       |       ||    20
         Staff             |       |       |       |       |       |     8 |    15 |     5 |    36 ||    64
  Throw: Javelin           |       |     3 |     3 |       |       |       |       |       |    23 ||    29
         Boomerang         |       |       |    14 |       |       |       |       |       |   185 ||   199
         Dart              |       |       |    14 |     1 |     1 |     3 |     1 |       |       ||    20
   Cast: Blink             |       |       |     2 |       |     1 |     5 |       |       |       ||     8
         Tukima's Dance    |       |       |    12 |    17 |    12 |    34 |       |       |       ||    75
         Stone Arrow       |       |       |     2 |   184 |   346 |   501 |   423 |   211 |   306 ||  1973
         Olgreb's Toxic Ra |       |       |       |    52 |   174 |   148 |    26 |     1 |     1 ||   402
         Simulacrum        |       |       |       |       |       |    29 |    54 |     1 |       ||    84
         Conjure Ball Ligh |       |       |       |       |       |     2 |     4 |       |       ||     6
         Orb of Destructio |       |       |       |       |       |       |    24 |       |       ||    24
         Ignition          |       |       |       |       |       |       |    27 |   223 |   206 ||   456
         Monstrous Menager |       |       |       |       |       |       |       |   103 |    80 ||   183
         Shatter           |       |       |       |       |       |       |       |       |   158 ||   158
 Invoke: Recall Ancestor   |       |       |     4 |     5 |     6 |     6 |     1 |     7 |    17 ||    46
         Ancestor Identity |       |       |     1 |       |       |       |       |       |       ||     1
         Ancestor Life: Ba |       |       |       |     1 |       |       |       |       |       ||     1
         Idealise          |       |       |       |       |     2 |     5 |       |     4 |    11 ||    22
Ability: Begin Untransform |       |       |       |     1 |       |       |       |       |       ||     1
  Evoke: Wand              |       |       |       |       |     2 |       |    14 |     1 |     4 ||    21
         Phial of floods   |       |       |       |       |       |       |     1 |       |       ||     1
    Use: Scroll            |       |     2 |     7 |    10 |    10 |     9 |     6 |    14 |     9 ||    67
         Potion            |       |       |     4 |     1 |       |       |       |     4 |    15 ||    24
   Stab: Sleeping          |     2 |     2 |     2 |       |       |       |       |       |       ||     6
         Distracted        |       |       |     2 |       |       |       |       |       |     1 ||     3
 Armour: Animal skin       |    13 |     8 |       |       |       |       |       |       |       ||    21
         Ring mail         |       |       |    72 |     3 |       |       |       |       |    81 ||   156
         Skin              |       |       |    33 |       |       |       |       |       |       ||    33
         Troll leather arm |       |       |       |    21 |    63 |    81 |    98 |    26 |       ||   289
         Robe              |       |       |       |     1 |       |       |       |       |       ||     1
         Steam dragon scal |       |       |       |     1 |       |       |       |       |       ||     1
         Quicksilver drago |       |       |       |       |       |       |       |       |    13 ||    13
  Dodge: Dodged            |    52 |    81 |   145 |    43 |   103 |   118 |   150 |    67 |   141 ||   900
  Block: Kite shield       |       |       |       |     8 |   117 |   182 |   205 |    77 |   167 ||   756

Table legend: (Time is in decaauts)
 A = Elapsed time spent in this place.
 B = Non-inter-level travel time spent in this place.
 C = Inter-level travel time spent in this place.
 D = Time resting spent in this place.
 E = Time spent auto-exploring this place.
 F = Levels seen in this place.
 G = Mean time per level.
                   A        B        C        D        E       F      G
               +--------+--------+--------+--------+--------+-----+--------+
         Total |  80304 |  73804 |   6500 |  24027 |  35370 |  63 | 1274.7 |
       Dungeon |  19688 |  17032 |   2656 |   2117 |  12055 |  15 | 1312.5 |
        Temple |     41 |     30 |     11 |      0 |      0 |   1 |   41.0 |
          Lair |   6325 |   5674 |    651 |   1080 |   3564 |   5 | 1265.0 |
        Shoals |   4852 |   4677 |    175 |   1091 |   2745 |   4 | 1213.0 |
     Snake Pit |   4854 |   4662 |    192 |    906 |   2606 |   4 | 1213.5 |
    Slime Pits |   4505 |   4421 |     84 |   2876 |    789 |   5 |  901.0 |
  Orcish Mines |   3225 |   2582 |    643 |    251 |   1651 |   2 | 1612.5 |
   Elven Halls |   6154 |   5578 |    576 |   2826 |   1834 |   3 | 2051.3 |
        Vaults |   8704 |   7898 |    806 |   1157 |   5192 |   5 | 1740.8 |
         Crypt |   3491 |   3323 |    168 |    977 |   1582 |   3 | 1163.7 |
        Depths |   6045 |   5686 |    359 |   2167 |   2191 |   4 | 1511.2 |
           Zot |   9066 |   8891 |    175 |   7089 |    697 |   5 | 1813.2 |
        Bazaar |     88 |     88 |      0 |      0 |     48 |   1 |   88.0 |
         Trove |    118 |    118 |      0 |      0 |      0 |   1 |  118.0 |
         Sewer |    181 |    181 |      0 |      0 |    101 |   1 |  181.0 |
        Bailey |    658 |    658 |      0 |    417 |     14 |   1 |  658.0 |
      Ice Cave |   1324 |   1324 |      0 |    858 |    101 |   1 | 1324.0 |
        Wizlab |    144 |    144 |      0 |    102 |      0 |   1 |  144.0 |
      Gauntlet |    832 |    832 |      0 |    113 |    200 |   1 |  832.0 |
               +--------+--------+--------+--------+--------+-----+--------+

Top non-repeatable levels by time:
   Zot:5: 5710 daAuts
   Elf:3: 3955 daAuts
     D:6: 2994 daAuts
   Orc:2: 2366 daAuts
Vaults:1: 2139 daAuts
Vaults:4: 2055 daAuts
    D:15: 1966 daAuts
 Slime:5: 1955 daAuts
 Crypt:3: 1882 daAuts
Depths:2: 1731 daAuts
    D:13: 1636 daAuts
  Lair:5: 1592 daAuts
Vaults:2: 1523 daAuts
Vaults:5: 1522 daAuts
     D:3: 1514 daAuts
